 Dungeon Crawl Stone Soup version 0.30.0-5-g1a98f26d00 (webtiles) character file.

Game seed: 3330810221870565857

2779 qeuew the Trooper (level 9, -14/71 HPs)
             Began as a Demonspawn Monk on May 11, 2023.
             Was the Champion of Jiyva.
             Demolished by a catoblepas (22 damage)
             ... on level 1 of the Lair of Beasts.
             The game lasted 00:06:57 (5131 turns).

qeuew the Trooper (Demonspawn Monk)                 Turns: 5131, Time: 00:06:57

Health: -14/71     AC: 13    Str: 16    XL:     9   Next: 42%
Magic:  9/9        EV: 14    Int: 15    God:    Jiyva [******]
Gold:   230        SH:  0    Dex: 16    Spells: 8/8 levels left

rFire   . . .        f - +3 greatsling "Punk" {acid, rCorr}
rCold   . . .        d - orb {light}
rNeg    + + +        o - +7 ring mail of Elyvilon's Indignation {*Corrode Fly rN+}
rPois   .            n - +2 hat
rElec   .            (no cloak)
rCorr   +            (no gloves)
SInv    .            (no boots)
Will    .....        (no amulet) Stlth
                     k - ring of positive energy
HPRegen 1.91/turn    i - ring of positive energy
MPRegen 0.61/turn

%: corrode self (3%)
@: confused, ambrosia-drunk, flying, glowing
A: foul stench 1, sturdy frame 1, demonic touch 2, hooves 1, clever 1, shaggy
fur 1, strong 1, acidic bite, eyeballs 1, pseudopods 1
a: Renounce Religion, Oozemancy, Slimify


You were on level 1 of the Lair of Beasts.
You worshipped Jiyva.
Jiyva was exalted by your worship.
You visited 2 branches of the dungeon, and saw 9 of its levels.

You collected 230 gold pieces.

Inventory:

Hand Weapons
 a - a +0 spear
 f - the +3 greatsling "Punk" (weapon) {acid, rCorr}
   (You found it on level 5 of the Dungeon)

   rCorr:     It protects you from acid and corrosion.
Armour
 d - an orb of light (worn)
 n - a +2 hat (worn)
 o - the +7 ring mail of Elyvilon's Indignation (worn) {*Corrode Fly rN+}
   (You found it on level 8 of the Dungeon)

   rN:        It protects you from negative energy.
   Fly:       It grants you flight.
   *Corrode:  It may corrode you when you take damage.
Jewellery
 i - a ring of positive energy (right hand)
 k - a ring of positive energy (left hand)
Wands
 m - a wand of light (3)
Scrolls
 b - a scroll of brand weapon {unknown}
 e - a scroll of amnesia
 g - 2 scrolls of enchant armour
 j - 5 scrolls of identify
 l - a scroll of teleportation
 p - a scroll of fog
Potions
 c - a potion of ambrosia
 h - 4 potions of curing


   Skills:
 + Level 6.4 Fighting
 - Level 4.6 Polearms
 * Level 5.2 Ranged Weapons
 + Level 5.0 Armour
 + Level 5.9 Dodging
 + Level 4.0 Evocations


You had 8 spell levels left.
You didn't know any spells.
Your spell library contained the following spells:

 Spells                   Type           Power      Damage    Failure   Level
 Ensorcelled Hibernation  Hex/Ice        0%         N/A       47%         2
 Scorch                   Fire           0%         2d5       47%         2
 Spider Form              Tmut/Pois      0%         N/A       71%         3
 Anguish                  Hex/Necr       0%         N/A       98%         4
 Flame Wave               Conj/Fire      0%         2d4       98%         4
 Summon Cactus Giant      Summ           0%         N/A       100%        6


Dungeon Overview and Level Annotations

Branches:
Dungeon (8/15)             Temple (0/1) D:6            Lair (1/5) D:8

Altars:
Gozag
Okawaru
Ru
Trog
Uskayaw
Jiyva

Shops:
D:8 [


Innate Abilities, Weirdness & Mutations

You may rarely emit foul miasma when damaged in melee.
Your movements are slightly less encumbered by armour. (ER -2)
Your touch may inflict irresistible damage on your foes.
You have large cloven feet.
Your mind is acute. (Int +4, Str/Dex -1)
You are covered in fur. (AC +1)
Your muscles are strong. (Str +4, Int/Dex -1)
You have acidic saliva.
Your body has grown eyes which may confuse attackers. (Acc +3)
Armour fits poorly on your pseudopods.


Message History

Fire: f) +3 greatsling "Punk" {acid, rCorr}
Press: ? - help, Q - select action, (/) - cycle Shift-Dir - straight line, f/p - catoblepas
Aim: a catoblepas (lightly wounded, covered in acid, haloed, 97% to hit)
You shoot a sling bullet. The sling bullet hits the catoblepas.
The catoblepas is splashed with acid.
The catoblepas seems to be corroded for longer.
The catoblepas is moderately wounded.
A yak comes into view.
The catoblepas gores you but does no damage.
The catoblepas gores you!
The yak moves out of view.
Fire: f) +3 greatsling "Punk" {acid, rCorr}
Press: ? - help, Q - select action, (/) - cycle Shift-Dir - straight line, f/p - catoblepas
Aim: a catoblepas (moderately wounded, covered in acid, haloed, 97% to hit)
You shoot a sling bullet. The sling bullet hits the catoblepas!
The catoblepas is splashed with acid.
The catoblepas seems to be corroded for longer.
The catoblepas is moderately wounded.
The hell rat misses you. The hell rat bites you.
Fire: f) +3 greatsling "Punk" {acid, rCorr}
Press: ? - help, Q - select action, (/) - cycle Shift-Dir - straight line, f/p - catoblepas
Aim: a catoblepas (moderately wounded, covered in acid, haloed, 97% to hit)
You shoot a sling bullet. The yak bellows!
The sling bullet hits the catoblepas!
The catoblepas is splashed with acid.
The catoblepas seems to be corroded for longer.
The catoblepas is heavily wounded.
The hell rat bites you!
The hell rat bites you but does no damage.
The hell rat bites you!
* * * LOW HITPOINT WARNING * * *
Okay, then.
Unknown command.
Found a shiny gilded ring.
Unknown command.
Okay, then.
You are confused.
You feel invigorated. The hell rat bites you!
* * * LOW HITPOINT WARNING * * *
The catoblepas gores you!!
You die...

# # .# #####. ..#
#..⌠.## ...#
#.....# .....
#⌠.⌠.⌠#...... #.#
#...Y@....... ..
##.rr#.......
####.#
###.Y##=##...
##.....###...Y.###
.
###..#.#..#.....#Y#
#.........#.#...#.#
....⌠...+...⌠.# .
+.............# #.
#.##.##.#.#.....#.#


You could see a catoblepas (corroded), 2 yaks and 2 hell rats.

Vanquished Creatures
  A troll (D:8)
  A wyvern (Lair:1)
  A steam dragon (D:8)
  An acid dragon (D:8)
  A water moccasin (D:7)
  2 ice beasts
  A black bear (Lair:1)
  2 ogres (D:6)
  2 wolves (D:8)
  A centaur (D:6)
  A kobold brigand (D:6)
  Blork the orc (D:4)
  3 bullfrogs
  2 scorpions
  A gnoll sergeant (D:8)
  An electric eel (D:8)
  5 hounds
  An orc priest (D:6)
  A gnoll bouda (D:6)
  4 iguanas
  Ijyb (D:4)
  A sleepcap (D:7)
  An orc wizard (D:4)
  5 hell rats (Lair:1)
  12 gnolls
  7 adders
  A shadow imp (D:7)
  2 white imps
  A worm (D:3)
  5 dart slugs
  16 orcs
  3 bats
  3 endoplasms (D:1)
  4 giant cockroaches
  7 goblins
  3 hobgoblins
  A quokka (D:4)
  6 ball pythons
  2 frilled lizards (D:2)
  9 kobolds
  A rat (D:2)
124 creatures vanquished.

Vanquished Creatures (collateral kills)
  Menkaure (D:4)
1 creature vanquished.

Vanquished Creatures (others)
  A troll (D:8)
  2 wolves (D:8)
  A bullfrog (D:8)
  9 jellies
  An orc priest (D:4)
  An iguana (D:6)
  An adder (D:2)
  2 gnolls
  A worm (D:2)
  An endoplasm (D:3)
  5 orcs
  2 bats (D:2)
  3 goblins
  A quokka (D:2)
  A frilled lizard (D:2)
  A kobold (D:3)
  A rat (D:2)
34 creatures vanquished.

Grand Total: 159 creatures vanquished

Notes
Turn   | Place    | Note
-------+----------+-------------------------------------------
     0 | D:1      | qeuew the Demonspawn Monk began the quest for the Orb.
     0 | D:1      | Reached XP level 1. HP: 18/18 MP: 1/1
   120 | D:1      | Gained mutation: Your movements are slightly less
                  | encumbered by armour. (ER -2) [demonic ancestry]
   120 | D:1      | Reached XP level 2. HP: 24/24 MP: 2/2
   461 | D:1      | Found a faded altar of an unknown god.
   516 | D:1      | Prayed at the altar of an unknown god.
   516 | D:1      | Became a worshipper of Jiyva Jozxorry the Shapeless
   516 | D:1      | Reached * piety under Jiyva
   516 | D:1      | Reached ** piety under Jiyva
   726 | D:2      | Reached *** piety under Jiyva
   778 | D:2      | Reached skill level 1 in Armour
   778 | D:2      | Reached XP level 3. HP: 29/29 MP: 3/3
   928 | D:2      | Gained mutation: You are covered in fur. (AC +1) [Jiyva's
                  | grace]
   928 | D:2      | Gained mutation: You are covered in thick fur. (AC +2)
                  | [Jiyva's grace]
   928 | D:2      | Gained mutation: Your thick and shaggy fur keeps you warm.
                  | (AC +3, rC+) [Jiyva's grace]
   928 | D:2      | Gained mutation: Your mind is acute. (Int +4, Str/Dex -1)
                  | [Jiyva's grace]
  1138 | D:2      | Found a sacrificial altar of Ru.
  1210 | D:2      | Reached **** piety under Jiyva
  1227 | D:2      | Identified the +1 chain mail of a Billion Visionaries {+Inv
                  | Will+ Str+3 Dex+2}
  1882 | D:3      | Reached ***** piety under Jiyva
  1899 | D:3      | Gained mutation: You may rarely emit foul miasma when
                  | damaged in melee. [demonic ancestry]
  1899 | D:3      | Reached XP level 4. HP: 35/35 MP: 4/4
  2176 | D:3      | Found an iron altar of Okawaru.
  2176 | D:3      | Found a hide-covered altar of Uskayaw.
  2271 | D:3      | Lost mutation: Your thick and shaggy fur keeps you warm.
                  | (AC +3, rC+) [Jiyva's grace]
  2271 | D:3      | Gained mutation: You have acidic saliva. [Jiyva's grace]
  2271 | D:3      | Gained mutation: Armour fits poorly on your pseudopods.
                  | [Jiyva's grace]
  2271 | D:3      | Gained mutation: Armour fits poorly on your large
                  | pseudopods. [Jiyva's grace]
  2271 | D:3      | Gained mutation: Armour fits poorly on your massive
                  | pseudopods. [Jiyva's grace]
  2389 | D:4      | Gained mutation: Your touch may inflict minor irresistible
                  | damage on your foes. [demonic ancestry]
  2389 | D:4      | Reached XP level 5. HP: 42/42 MP: 5/5
  2522 | D:4      | Noticed an ice beast
  2523 | D:4      | Noticed Menkaure
  2529 | D:4      | Reached skill level 4 in Fighting
  2529 | D:4      | Killed an ice beast
  2530 | D:4      | Reached XP level 6. HP: 36/48 MP: 6/6
  2530 | D:4      | Killed Menkaure
  2552 | D:4      | Noticed Blork the orc
  2564 | D:4      | Killed Blork the orc
  2899 | D:4      | Noticed Ijyb
  2912 | D:4      | Killed Ijyb
  2913 | D:4      | Gained mutation: Your touch may inflict irresistible damage
                  | on your foes. [demonic ancestry]
  2913 | D:4      | Reached XP level 7. HP: 28/55 MP: 7/7
  3078 | D:5      | Entered Level 5 of the Dungeon
  3179 | D:5      | Found the +3 greatsling "Punk" {acid, rCorr}
  3610 | D:6      | Lost mutation: You are covered in thick fur. (AC +2)
                  | [Jiyva's grace]
  3610 | D:6      | Lost mutation: Armour fits poorly on your massive
                  | pseudopods. [Jiyva's grace]
  3610 | D:6      | Gained mutation: You have large cloven feet. [Jiyva's
                  | grace]
  3610 | D:6      | Gained mutation: You have hoof-like feet. [Jiyva's grace]
  3610 | D:6      | Gained mutation: You have hooves in place of feet. [Jiyva's
                  | grace]
  3610 | D:6      | Gained mutation: Your body has grown eyes which may confuse
                  | attackers. (Acc +3) [Jiyva's grace]
  3614 | D:6      | Reached skill level 1 in Evocations
  3643 | D:6      | Reached skill level 5 in Fighting
  3643 | D:6      | Reached ****** piety under Jiyva
  3648 | D:6      | Reached skill level 1 in Ranged Weapons
  3685 | D:6      | Reached XP level 8. HP: 62/62 MP: 8/8
  3810 | D:6      | Found a staircase to the Ecumenical Temple.
  4054 | D:7      | Reached skill level 5 in Dodging
  4509 | D:7      | Lost mutation: You have hooves in place of feet. [potion of
                  | mutation]
  4509 | D:7      | Lost mutation: Armour fits poorly on your large pseudopods.
                  | [potion of mutation]
  4509 | D:7      | Lost mutation: You have hoof-like feet. [potion of
                  | mutation]
  4509 | D:7      | Gained mutation: Your muscles are strong. (Str +4, Int/Dex
                  | -1) [potion of mutation]
  4532 | D:8      | Found an opulent altar of Gozag.
  4582 | D:8      | Found a bloodstained altar of Trog.
  4679 | D:8      | Noticed a troll
  4682 | D:8      | Killed a troll
  4687 | D:8      | Found a staircase to the Lair.
  4771 | D:8      | Reached skill level 6 in Fighting
  4837 | D:8      | Found Ownuppoz's Superior Scales.
  4843 | D:8      | Reached XP level 9. HP: 69/69 MP: 9/9
  4882 | D:8      | Noticed a troll
  4889 | D:8      | Killed a troll
  4906 | D:8      | Identified the +7 ring mail of Elyvilon's Indignation
                  | {*Corrode Fly rN+}
  5078 | Lair:1   | Entered Level 1 of the Lair of Beasts
  5093 | Lair:1   | Reached skill level 5 in Ranged Weapons
  5094 | Lair:1   | Reached skill level 5 in Armour
  5121 | Lair:1   | Noticed a catoblepas
  5131 | Lair:1   | Demolished by a catoblepas

Illustrated notes

Levels and vault maps discovered:
D:1:      minmay_arrival_diagonal_passages, layout_basic,
          shapermc_ecumenical_altar_totnotflames
D:2:      layout_loops_corners, basic_altar
D:3:      layout_basic, amethyst_overflow_temple_binary
D:4:      layout_loops_cross, nicolae_zen_rock_garden, uniq_menkaure, uniq_ijyb,
          uniq_blork_the_orc
D:5:      layout_basic, kennysheep_crisscross
D:6:      layout_rooms, minmay_temple_entry_junction, serial_park_tiny_pond,
          serial_bayou_pond_c
D:7:      layout_basic
D:8:      layout_rooms, nicolae_gozag_seed_capital, trog_three_pillars_becter,
          erik_lair_island, hellmonk_scale_shop
Lair:1:   layout_cave_pods, hibernation_bobbens, grunt_megastairs_1,
          lemuel_fruit_fields

Skill      XL: |  1  2  3  4  5  6  7  8  9 |
---------------+----------------------------+-----
Polearms       | 3 4 |  4.6
Dodging        | 3 4 5 |  5.9
Armour         | 1 2 3 4 5 |  5.0
Fighting       | 4 5 6 |  6.4
Evocations     | 2 3 4 |  4.0
Ranged Weapons | 1 4 5 |  5.2

Action                     |  1- 3 |  4- 6 |  7- 9 || total
---------------------------+-------+-------+-------++-------
  Melee: Spear             |   112 |   112 |    28 ||   252
         Pseudopods        |       |    26 |     7 ||    33
         Bite              |       |     9 |     3 ||    12
   Fire: Greatsling        |       |       |   147 ||   147
    Use: Scroll            |     4 |     1 |     2 ||     7
         Potion            |       |       |     5 ||     5
 Armour: Ring mail         |    11 |       |     6 ||    17
         Chain mail        |    15 |    28 |    17 ||    60
  Dodge: Dodged            |    42 |    46 |    59 ||   147
